 Dungeon Crawl Stone Soup version 0.28.0 (webtiles) character file.

Game seed: 17804920910765044929

108649 pkoi the Gelid (level 16, 0/122 HPs)
             Began as a Grey Draconian Ice Elementalist on Feb 12, 2022.
             Was a High Priest of Vehumet.
             Slain by a golden dragon simulacrum (12 damage)
             ... in an ice cave.
             The game lasted 01:31:49 (41289 turns).

pkoi the Gelid (Grey Draconian Ice Elementalist)   Turns: 41289, Time: 01:31:49

Health: 0/122      AC: 17    Str: 12    XL:     16   Next: 3%
Magic:  29/31      EV: 14    Int: 25    God:    Vehumet [*****.]
Gold:   1500       SH:  0    Dex: 12    Spells: 4/37 levels left

rFire   . . .      SeeInvis .   a - staff of cold
rCold   + . .      Faith    .   (no shield)
rNeg    + + .      Spirit   .   (armour unavailable)
rPois   +          Reflect  .   O - +1 hat
rElec   .          Harm     +   T - scarf {harm}
rCorr   +          Rampage  .   S - +0 pair of gloves "Jecea" {*Slow rN+ rCorr Int+3}
Will    +....                   J - +0 pair of boots
Stlth   ++........              e - amulet of magic regeneration
HPRegen 0.30/turn               I - +4 ring of slaying
MPRegen 0.62/turn               z - ring "Qieras" {rPois rN+}

@: no status effects
A: AC +14, amphibious, unfitting armour, cold-blooded
a: Renounce Religion


You were in an ice cave.
You worshipped Vehumet.
Vehumet was extremely pleased with you.
You visited 6 branches of the dungeon, and saw 27 of its levels.
You also visited: Ossuary, Bailey and Ice Cave.

You collected 1609 gold pieces.
You spent 109 gold pieces at shops.

Inventory:

Hand Weapons
 b - a +2 lajatang of electrocution
 R - a +2 spectral quarterstaff
Missiles
 E - 7 throwing nets
Armour
 y - an orb of energy
 J - a +0 pair of boots (worn)
 O - a +1 hat (worn)
 S - the +0 pair of gloves "Jecea" (worn) {*Slow rN+ rCorr Int+3}
   (You found it on level 1 of the Shoals)

   Int:       It affects your intelligence (+3).
   rN:        It protects you from negative energy.
   rCorr:     It protects you from acid and corrosion.
   *Slow:     It may slow you when you take damage.
 T - a scarf of harm (worn)
Magical Staves
 a - a staff of cold (weapon)
 Q - a staff of poison
Jewellery
 e - an amulet of magic regeneration (around neck)
 f - a ring of protection from cold
 w - a ring of flight
 z - the ring "Qieras" (right hand) {rPois rN+}
   (You acquired it on level 9 of the Dungeon)

   [ring of poison resistance]

   rPois:     It protects you from poison.
   rN:        It protects you from negative energy.
 I - a +4 ring of slaying (left hand)
 K - a ring of fire
 L - a ring of resist corrosion
Wands
 i - a wand of flame (35)
 n - a wand of charming (5)
 A - a wand of acid (7)
 D - a wand of polymorph (4)
 F - a wand of iceblast (20)
 N - a wand of digging (4)
 P - a wand of mindburst (1)
Scrolls
 c - a scroll of torment
 g - 2 scrolls of enchant weapon
 j - a scroll of silence
 k - 6 scrolls of teleportation
 m - 2 scrolls of blinking
 o - 5 scrolls of magic mapping
 t - 3 scrolls of fog
 x - 2 scrolls of enchant armour
 G - 4 scrolls of amnesia
 H - 7 scrolls of fear
 M - a scroll of brand weapon
Potions
 d - 4 potions of might
 h - 4 potions of brilliance
 l - 9 potions of ambrosia
 p - 4 potions of magic
 q - 4 potions of heal wounds
 r - 10 potions of curing
 s - 4 potions of haste
 u - 3 potions of flight
 v - 2 potions of resistance
 C - a potion of berserk rage
Miscellaneous
 B - a phantom mirror


   Skills:
 - Level 6.0 Fighting
 - Level 6.8 Staves
 - Level 6.0 Dodging
 - Level 1.7 Stealth
 - Level 11.0 Spellcasting
 - Level 10.7 Conjurations
 - Level 8.6 Translocations
 - Level 5.6 Transmutations
 - Level 10.0 Fire Magic
 + Level 16.0 Ice Magic
 - Level 6.0 Poison Magic
 - Level 5.1 Evocations


You had 4 spell levels left.
You knew the following spells:

 Your Spells              Type           Power      Damage    Failure   Level
a - Ozocubu's Refrigerat  Ice            48%        4d14      1%          7
b - Frozen Ramparts       Ice            100%       1d12      0%          3
c - Hailstorm             Conj/Ice       88%        3d18      1%          4
d - Foxfire               Conj/Fire      100%       2x1d9     1%          1
e - Apportation           Tloc           100%       N/A       1%          1
f - Passage of Golubria   Tloc           54%        N/A       1%          4
g - Flame Wave            Conj/Fire      60%        2d12      1%          4
h - Blink                 Tloc           100%       N/A       1%          2
i - Olgreb's Toxic Radia  Pois           43%        N/A       1%          4
j - Ignite Poison         Fire/Tmut/Pois 49%        N/A       1%          3

Your spell library contained the following spells:

 Spells                   Type           Power      Damage    Failure   Level
 Conjure Ball Lightning   Conj/Air       20%        3x3d6     19%         6
 Freeze                   Ice            100%       1d11      0%          1
 Magic Dart               Conj           100%       1d8       1%          1
 Shock                    Conj/Air       100%       1d9       1%          1
 Static Discharge         Conj/Air       40%        N/A       1%          2
 Conjure Flame            Conj/Fire      60%        6-21      1%          3
 Gell's Gravitas          Tloc           54%        N/A       1%          3
 Inner Flame              Hex/Fire       38%        N/A       1%          3
 Lesser Beckoning         Tloc           54%        N/A       1%          3
 Mephitic Cloud           Conj/Pois/Air  41%        N/A       1%          3
 Ozocubu's Armour         Ice            96%        N/A       1%          3
 Teleport Other           Tloc           54%        N/A       1%          3
 Sticky Flame             Conj/Fire      60%        2d8       1%          4
 Call Imp                 Summ           13%        N/A       7%          2
 Corpse Rot               Necr/Air       26%        N/A       7%          2
 Sublimation of Blood     Necr           13%        N/A       7%          2
 Airstrike                Air            6%         N/A       12%         4
 Call Canine Familiar     Summ           13%        N/A       13%         3
 Tukima's Dance           Hex            13%        N/A       13%         3
 Petrify                  Tmut/Erth      27%        N/A       14%         4
 Cause Fear               Hex            6%         N/A       41%         4
 Dispel Undead            Necr           13%        3d9       41%         4
 Freezing Cloud           Conj/Ice/Air   36%        6-21      1%          5
 Irradiate                Conj/Tmut      26%        3d22      1%          5
 Yara's Violent Unravell  Hex/Tmut       13%        3d7       11%         5
 Iron Shot                Conj/Erth      20%        9d5       19%         6
 Dragon Form              Tmut           20%        N/A       98%         7
 Death Channel            Necr           6%         N/A       100%        6
 Haunt                    Necr/Summ      6%         N/A       100%        7
 Malign Gateway           Summ/Tloc      17%        N/A       100%        7
 Maxwell's Capacitive Co  Air            6%         ∞         100%        8
 Dragon's Call            Summ           6%         N/A       100%        9
 Animate Armour           Summ/Erth      Unusable   N/A       N/A         4

Dungeon Overview and Level Annotations

Branches:
Dungeon (13/15)            Temple (1/1) D:7            Lair (6/6) D:9
 Shoals (3/4) Lair:3       Spider (2/4) Lair:4        Slime (0/5) Lair:6
    Orc (2/2) D:9         Ossuary (visited)          Bailey (visited)
  IceCv (1/1)
    Elf: Orc:2       Vaults: D:13-14

Altars:
Ashenzari
Cheibriados
Dithmenos
Elyvilon
Fedhas
Gozag
Hepliaklqana
Kikubaaqudgha
Makhleb
Nemelex Xobeh
Okawaru
Qazlal
Ru
Sif Muna
Trog
Uskayaw
Vehumet
Wu Jian
Xom
Yredelemnul
Zin
The Shining One
Lugonu

Shops:
D:1 (   D:7 ?   Orc:1 !   Orc:2 :   Shoals:2 *

Portals:
Abyss: Lair:6 Shoals:1

Annotations:
D:5 2 runed translucent doors, coolio's ghost, novice DECj
D:6 4 runed translucent doors
Lair:4 exclusion: oklob plant
Shoals:1 1 runed translucent door, 2 transporters, Aral's ghost, adept MiBe
Orc:2 Rupert


Innate Abilities, Weirdness & Mutations

Your dull iron-grey scales are very hard. (AC +14)
You are amphibious.
You cannot fit into any form of body armour.
You are cold-blooded and may be slowed by cold attacks.


Message History

The ettin simulacrum melts!
The ettin simulacrum is severely damaged.
The flame wave engulfs the dire elephant simulacrum!
The dire elephant simulacrum melts!
The dire elephant simulacrum is heavily damaged.
You finish channelling waves of flame.
You hear a horrible gurgling sound!
An ettin simulacrum comes into view.
The golden dragon simulacrum misses you.
The golden dragon simulacrum claws you.
* * * LOW HITPOINT WARNING * * *
The golden dragon simulacrum freezes you!!
You resist.
* * * LOW HITPOINT WARNING * * *
The golden dragon simulacrum tramples you but does no damage.
Casting: Flame Wave (safe; 1% risk of failure)
Confirm with . or Enter, or press ? or * to list all spells.
Casting: Flame Wave (safe; 1% risk of failure)
Press: ? - help, Dir - look around, f - activate A wave of flame ripples out!
The flame wave engulfs the golden dragon simulacrum!
The golden dragon simulacrum melts!
The golden dragon simulacrum is heavily damaged.
The flame wave engulfs the ettin simulacrum!!
The ettin simulacrum melts!
The ettin simulacrum vaporises!
Vehumet accepts your kill.
You feel your power returning.
You hear a sizzling sound! (Press . to intensify the flame waves.)
The golden dragon simulacrum bites you!
* * * LOW HITPOINT WARNING * * *
The golden dragon simulacrum freezes you!
You resist.
* * * LOW HITPOINT WARNING * * *
The golden dragon simulacrum claws you!
* * * LOW HITPOINT WARNING * * *
The golden dragon simulacrum freezes you!
You resist.
You die...

####### #
#.....## ..
#......## ...
#.......#Z...
#.@Z.ZZ.Z...Z
#.......#...Z
#......## Z
#.....##
#######


You could see 2 dire elephant simulacra, a golden dragon simulacrum and 2 ettin
simulacra.

Vanquished Creatures
  A kraken (Shoals:2)
  Polyphemus (Shoals:2)
  Frances (Shoals:2)
  Ilsuiw (Shoals:2)
  An orc warlord (Bailey)
  Snorg (Lair:3)
  A merfolk impaler (Shoals:1)
  7 hydras
  A catoblepas (Shoals:2)
  A caustic shrike simulacrum (IceCv)
  3 boulder beetles
  A centaur warrior (D:13)
  2 merfolk aquamancers (Shoals:1)
  3 two-headed ogres
  4 death yaks (Shoals:2)
  A tengu warrior (D:9)
  2 thrashing horrors (Lair:6)
  A fire crab (Lair:4)
  A spriggan simulacrum (Shoals:3)
  4 sea snakes
  A swamp dragon (shapeshifter) (D:9)
  3 harpies (Shoals:2)
  A necromancer (Spider:1)
  An oklob plant (Lair:2)
  A wolf spider (Spider:2)
  5 wolf spider zombies (Spider:1)
  A deep elf pyromancer (D:9)
  4 ugly things
  6 fauns
  7 manticores
  4 elephants (Lair:6)
  5 cyclopes
  2 apocalypse crabs (Shoals:1)
  5 merfolk sirens
  A torpor snail (Lair:1)
  2 black mambas
  3 smoke demons (Lair:6)
  A water nymph (Shoals:1)
  Joseph (D:7)
  2 rime drakes
  7 cane toads
  12 redback zombies (Spider:1)
  3 unseen horrors (D:11)
  A tengu conjurer (D:13)
  An entropy weaver simulacrum (Shoals:3)
  An anaconda simulacrum (Shoals:3)
  9 komodo dragons
  2 ancient zymes (Lair:6)
  2 polar bears
  4 meliai
  3 trolls
  11 merfolk
  A queen bee (D:12)
  Grinder (D:6)
  Prince Ribbit (D:5)
  30 blink frogs
  2 tarantellas
  5 slime creatures (D:13)
  6 tarantella zombies (Spider:1)
  6 dream sheep
  5 culicivora zombies (Spider:1)
  6 jumping spiders
  5 snapping turtles
  2 culicivoras (Lair:4)
  A spriggan (Lair:6)
  8 water elementals (Shoals:1)
  4 shadows
  A ynoxinul (Lair:6)
  2 dire elephant simulacra
  39 yaks
  A vampire (D:10)
  Eustachio (D:5)
  5 wyverns
  3 minotaur simulacra (Shoals:3)
  3 steam dragons
  4 basilisks
  2 chaos spawn
  14 small abominations
  9 vampire mosquitoes
  4 redbacks
  3 wargs (D:9)
  3 acid dragons
  A harpy simulacrum (IceCv)
  7 water moccasins
  11 orc warriors
  A sky beast (D:7)
  A hornet zombie (D:9)
  2 large abominations (Lair:6)
  An ice beast (D:5)
  An ettin simulacrum (IceCv)
  A black bear (D:8)
  An alligator simulacrum (IceCv)
  3 ogres
  19 wolves
  11 centaurs
  2 phantoms
  3 kobold brigands (D:10)
  13 bullfrogs
  2 gnoll sergeants
  A deep troll simulacrum (Shoals:3)
  A water moccasin zombie (D:6)
  A scorpion (D:4)
  A water moccasin skeleton (D:4)
  38 killer bees
  5 wights (D:9)
  An electric eel (D:6)
  13 jellies
  3 howler monkeys
  10 centaur zombies
  A gnoll shaman (D:9)
  6 orc priests
  3 hounds
  A bullfrog skeleton (D:5)
  2 iguanas (D:6)
  15 orc wizards
  A centaur simulacrum (D:9)
  A hound skeleton (D:4)
  5 mummies (Ossuary)
  13 gnolls
  3 adders
  3 white imps
  2 worms
  A dart slug (D:1)
  40 orcs
  5 bats
  10 endoplasms
  3 giant cockroaches
  10 goblins
  7 hobgoblins
  2 jackals (D:1)
  17 kobolds
  5 quokkas
  9 ball pythons
  2 frilled lizards
  5 hobgoblin zombies (Ossuary)
  A jackal zombie (D:3)
  9 rats
  A fungus (Lair:4)
664 creatures vanquished.

Vanquished Creatures (collateral kills)
  8 foxfires
8 creatures vanquished.

Vanquished Creatures (others)
  620 foxfires
  73 fungi
  127 plants
820 creatures vanquished.

Grand Total: 1492 creatures vanquished

Notes
Turn   | Place    | Note
-------+----------+-------------------------------------------
     0 | D:1      | pkoi the Draconian Ice Elementalist began the quest for the
                  | Orb.
     0 | D:1      | Reached XP level 1. HP: 14/14 MP: 3/3
   729 | D:1      | Reached XP level 2. HP: 20/20 MP: 3/5
  1791 | D:1      | Reached XP level 3. HP: 26/26 MP: 3/6
  2249 | D:2      | Reached skill level 5 in Ice Magic
  2256 | D:2      | Reached skill level 1 in Evocations
  2363 | D:2      | Reached skill level 1 in Staves
  2665 | D:3      | Noticed a human
  2666 | D:3      | Found a runed translucent door.
  2670 | D:3      | Found a basalt altar of Yredelemnul.
  2854 | D:3      | Found an iron altar of Okawaru.
  2881 | D:3      | Reached XP level 4. HP: 33/33 MP: 4/7
  2924 | D:3      | You fall into a shaft and drop 2 floors!
  2924 | D:5      | Entered Level 5 of the Dungeon
  2965 | D:5      | Noticed a phantom
  2989 | D:5      | Killed a phantom
  2990 | D:5      | Reached XP level 5. HP: 5/38 MP: 8/8
  3319 | D:5      | Learned a level 3 spell: Frozen Ramparts
  3324 | D:5      | Learned a level 4 spell: Hailstorm
  3558 | D:4      | Found a sand-covered staircase.
  3563 | D:4      | Reached skill level 1 in Conjurations
  3563 | D:4      | Reached XP level 6. HP: 44/45 MP: 4/9
  3572 | Ossuary  | Entered an ossuary
  4376 | Ossuary  | Reached skill level 6 in Ice Magic
  4845 | D:3      | Found a sacrificial altar of Ru.
  4857 | D:3      | Became a worshipper of Ru the Awakened
  4952 | D:3      | Found a glowing silver altar of Zin.
  4962 | D:3      | Your scales start taking on a dull iron-grey colour.
  4962 | D:3      | Reached XP level 7. HP: 46/50 MP: 10/10
  5253 | D:3      | Found a faded altar of an unknown god.
  5307 | D:3      | Identified a scroll of acquirement
  5307 | D:3      | Acquired a book of Flames
  5311 | D:3      | Learned a level 1 spell: Foxfire
  5495 | D:3      | Found an ornate altar of the Wu Jian Council.
  5496 | D:3      | Found a hide-covered altar of Uskayaw.
  6255 | D:5      | Reached skill level 1 in Fighting
  6637 | D:5      | Reached skill level 1 in Fire Magic
  6706 | D:5      | Noticed Eustachio
  6720 | D:5      | Killed Eustachio
  6762 | D:5      | Noticed Prince Ribbit
  6767 | D:5      | Killed Prince Ribbit
  6768 | D:5      | Reached XP level 8. HP: 55/61 MP: 7/12
  6821 | D:5      | Found a radiant altar of Vehumet.
  6878 | D:5      | Found a large runed translucent door.
  6898 | D:5      | Found a large runed translucent door.
  6902 | D:5      | Noticed coolio's ghost (novice DECj)
  7207 | D:6      | Found a large runed translucent door.
  7207 | D:6      | Found a large runed translucent door.
  7225 | D:6      | Found a large runed translucent door.
  7225 | D:6      | Found a large runed translucent door.
  7227 | D:6      | Noticed a gargoyle
  7227 | D:6      | Noticed a two-headed ogre
  7377 | D:6      | Found a bloodstained altar of Trog.
  7648 | D:6      | Noticed Grinder
  7658 | D:6      | Killed Grinder
  7659 | D:6      | Reached skill level 7 in Ice Magic
  8342 | D:6      | Got the Grimoire of Displacement
  8460 | D:6      | Noticed a cyclops
  8467 | D:6      | Reached XP level 9. HP: 51/69 MP: 8/14
  8616 | D:5      | Fell from the grace of Ru
  8616 | D:5      | Became a worshipper of Vehumet
  8705 | D:6      | Killed a cyclops
  8706 | D:6      | Reached skill level 5 in Conjurations
  8813 | D:6      | Reached skill level 5 in Staves
  8901 | D:6      | Noticed a boulder beetle
  8914 | D:6      | Killed a boulder beetle
  8915 | D:6      | Reached skill level 8 in Ice Magic
  9793 | D:7      | Reached skill level 10 in Ice Magic
  9793 | D:7      | Reached XP level 10. HP: 77/77 MP: 16/16
  9863 | D:7      | Noticed a five-headed hydra
  9881 | D:7      | Noticed Joseph
 10247 | D:7      | Learned a level 1 spell: Apportation
 10252 | D:7      | Learned a level 4 spell: Passage of Golubria
 10289 | D:7      | Killed a five-headed hydra
 10290 | D:7      | Reached skill level 1 in Translocations
 10411 | D:7      | Found a staircase to the Ecumenical Temple.
 10419 | Temple   | Entered the Ecumenical Temple
 10616 | D:7      | Found Zirch's Magic Scroll Boutique.
 10624 | D:7      | Bought a scroll of magic mapping for 49 gold pieces
 10879 | D:7      | Learned a level 4 spell: Flame Wave
 10884 | D:7      | Killed Joseph
 10885 | D:7      | Reached XP level 11. HP: 82/82 MP: 10/18
 11079 | D:7      | Found a shimmering blue altar of Sif Muna.
 12084 | D:8      | Reached skill level 5 in Spellcasting
 12675 | D:8      | Noticed a two-headed ogre
 12692 | D:8      | Killed a two-headed ogre
 13178 | D:9      | Found a staircase to the Lair.
 13260 | D:9      | Found a staircase to the Orcish Mines.
 13267 | D:9      | Found a flagged portal.
 13291 | D:9      | Reached * piety under Vehumet
 13291 | D:9      | Offered knowledge of Sandblast by Vehumet.
 13349 | Bailey   | Entered a bailey
 13696 | Bailey   | Noticed an orc warlord
 13839 | Bailey   | Found a runed translucent gate.
 13839 | Bailey   | Found a runed translucent gate.
 13839 | Bailey   | Found a runed translucent gate.
 14421 | Bailey   | Killed an orc warlord
 14673 | D:9      | Acquired the ring "Qieras" {rPois rN+}
 14746 | D:9      | Noticed a deep elf pyromancer
 14761 | D:9      | Killed a deep elf pyromancer
 14803 | D:9      | Reached skill level 5 in Translocations
 14803 | D:9      | Reached XP level 12. HP: 91/91 MP: 19/22
 14829 | D:9      | Noticed a two-headed ogre
 14847 | D:9      | Killed a two-headed ogre
 14848 | D:9      | Reached skill level 10 in Conjurations
 14992 | D:9      | Reached ** piety under Vehumet
 15004 | D:9      | Noticed a tengu warrior
 15030 | D:9      | Killed a tengu warrior
 15030 | D:9      | Offered knowledge of Poisonous Vapours by Vehumet.
 15627 | D:9      | Learned a level 2 spell: Blink
 15691 | D:9      | Reached skill level 5 in Fighting
 15890 | D:9      | Found a shadowy altar of Dithmenos.
 15890 | D:9      | Noticed a two-headed ogre
 15913 | D:9      | Found a shimmering altar of Xom.
 16123 | D:9      | Found a sparkling altar of Nemelex Xobeh.
 16437 | D:9      | Got Sif Muna's Catalogue of Lightness
 16465 | D:9      | Killed a two-headed ogre
 16645 | Lair:1   | Entered Level 1 of the Lair of Beasts
 16706 | Lair:1   | Reached XP level 13. HP: 100/100 MP: 21/23
 17241 | Lair:1   | Offered knowledge of Dazzling Flash by Vehumet.
 17772 | Lair:1   | Reached skill level 5 in Dodging
 18021 | Lair:2   | Reached *** piety under Vehumet
 18530 | Lair:2   | Reached skill level 10 in Fire Magic
 20034 | Lair:3   | Found a staircase to the Shoals.
 20117 | Lair:3   | Offered knowledge of Olgreb's Toxic Radiance by Vehumet.
 20118 | Lair:3   | Reached skill level 11 in Ice Magic
 20129 | Lair:3   | Learned a level 4 spell: Olgreb's Toxic Radiance
 20269 | Lair:3   | Reached skill level 1 in Poison Magic
 20272 | Lair:3   | Noticed Snorg
 20480 | Lair:3   | Killed Snorg
 20565 | Lair:3   | Learned a level 3 spell: Ignite Poison
 21919 | Lair:4   | Found a hole to the Spider Nest.
 22112 | Lair:4   | Reached **** piety under Vehumet
 23265 | Lair:5   | Reached skill level 5 in Poison Magic
 23265 | Lair:5   | Offered knowledge of Lightning Bolt by Vehumet.
 23801 | Lair:6   | Entered Level 6 of the Lair of Beasts
 23825 | Lair:6   | Reached XP level 14. HP: 109/110 MP: 20/26
 23993 | Lair:6   | Found a staircase to the Slime Pits.
 24054 | Lair:6   | Reached skill level 1 in Transmutations
 24461 | Lair:6   | Reached ***** piety under Vehumet
 24462 | Lair:6   | Offered knowledge of Ozocubu's Refrigeration by Vehumet.
 26212 | Lair:5   | Reached skill level 10 in Spellcasting
 27654 | Lair:5   | Learned a level 7 spell: Ozocubu's Refrigeration
 27762 | D:10     | Entered Level 10 of the Dungeon
 28111 | D:10     | Found a burning altar of Makhleb.
 29780 | D:11     | Reached skill level 12 in Ice Magic
 31124 | D:12     | Offered knowledge of Spellforged Servitor by Vehumet.
 32129 | D:13     | Reached skill level 13 in Ice Magic
 33185 | Orc:1    | Entered Level 1 of the Orcish Mines
 33188 | Orc:1    | Found Neegypa's Distillery.
 33252 | Orc:1    | Bought a potion of heal wounds for 60 gold pieces
 33296 | Orc:2    | Entered Level 2 of the Orcish Mines
 33357 | Orc:2    | Found Nas Pedgh's Book Shop.
 33371 | Orc:2    | Noticed Rupert
 33393 | Orc:2    | Paralysed by Rupert for 2 turns
 34346 | Lair:6   | Reached XP level 15. HP: 115/115 MP: 21/30
 34652 | Lair:6   | Found a corrupted altar of Lugonu.
 34652 | Lair:6   | Found a one-way gate to the infinite horrors of the Abyss.
 34668 | Lair:6   | Got Gacag's Almanac of Earthen Calling
 34879 | Spider:1 | Entered Level 1 of the Spider Nest
 35522 | Spider:1 | Identified the +2 helmet of the Blind Marksman {+Inv Will+
                  | rCorr}
 35534 | Spider:1 | Reached skill level 14 in Ice Magic
 37320 | Shoals:1 | Entered Level 1 of the Shoals
 37956 | Shoals:1 | Found a runed translucent door.
 38304 | Shoals:1 | Reached skill level 5 in Transmutations
 38670 | Shoals:1 | Identified the +0 pair of gloves "Jecea" {*Slow rN+ rCorr
                  | Int+3}
 38813 | Shoals:1 | Noticed Aral's ghost (adept MiBe)
 38981 | Shoals:1 | Offered knowledge of Conjure Ball Lightning by Vehumet.
 39001 | Shoals:1 | Identified the amulet "Sassetsu" {Reflect Harm rC+ SH+5}
 39173 | Shoals:1 | Found a transporter.
 39174 | Shoals:1 | Found a transporter.
 39372 | Shoals:1 | Found a corrupted altar of Lugonu.
 39401 | Shoals:2 | Noticed Polyphemus
 39408 | Shoals:2 | Killed Polyphemus
 39490 | Shoals:2 | Reached skill level 15 in Ice Magic
 39711 | Shoals:2 | Noticed Ilsuiw
 39751 | Shoals:2 | Killed Ilsuiw
 40038 | Shoals:2 | Noticed Frances
 40601 | Shoals:2 | Reached skill level 5 in Evocations
 40820 | Shoals:2 | Killed Frances
 40982 | Shoals:2 | Found Xofoull's General Store.
 41043 | Shoals:2 | Noticed a kraken
 41053 | Shoals:2 | Killed a kraken
 41256 | Shoals:3 | Found a frozen archway.
 41268 | Shoals:3 | Reached XP level 16. HP: 83/122 MP: 31/31
 41274 | IceCv    | Entered an ice cave
 41288 | IceCv    | Reached skill level 16 in Ice Magic
 41289 | IceCv    | Slain by a golden dragon simulacrum

Illustrated notes

Levels and vault maps discovered:
D:1:      eino_arrival_water_cross, layout_basic, serial_shops, shop,
          serial_co_window_serial, co_window_paths_b, co_window_paths_a,
          co_window_paths_b, co_window_paths_b, co_window_paths_a,
          co_window_paths_a, co_window_of_opportunity_a, co_window_corner_b,
          co_window_corner_ca, co_window_corner_b, co_window_of_opportunity_b,
          co_window_corner_b, co_window_unsneaky_path_b,
          co_window_unsneaky_path_a, co_window_paths_e, glass_columns_b
D:2:      layout_rooms
D:3:      layout_loops_corners, dk_yredelemnul_ordeal,
          nicolae_ru_sacrificial_ziggurat, mainiacjoe_overflow_alcove_1,
          gammafunk_temple_overflow_forgotten, ebering_ecumenical_altar_webs,
          corexii_item_surrounded_by_moat, minmay_misc_feat_tower
D:4:      layout_basic, lightli_ossuary_entry_decrepit_ruins
D:5:      layout_basic, mainiacjoe_overflow_brackets,
          ebering_ghost_disaster_area, uniq_eustachio, uniq_prince_ribbit1
D:6:      layout_basic, mainiacjoe_overflow_tiny_flanked, serial_bayou,
          serial_bayou_pond_a, serial_bayou_pond_b, serial_bayou_pond_c,
          serial_bayou_pond_a, serial_bayou_lagoon_a, serial_bayou_shore_a,
          minmay_hollow_rounded_squares, uniq_grinder
D:7:      layout_basic, mainiacjoe_overflow_six_doors_small, temple_fountains,
          serial_shops, shop_statue, uniq_joseph
D:8:      layout_gridville, nicolae_sextant, lemuel_flamethrower_2
D:9:      minmay_cut_squares, layout_basic, mainiacjoe_overflow_chevrons,
          grunt_dithmenos_shadows, mainiacjoe_overflow_concentric_impassable,
          erik_lair_orcish_takeover, orc_0_dummy, enter_bailey_2
D:10:     layout_irregular_city, lemuel_doored_altar, serial_co_window_serial,
          co_window_paths_a, co_window_paths_a, co_window_corner_a,
          co_window_of_opportunity_a, co_window_paths_a, co_window_corner_a,
          co_window_paths_a, co_window_broadway_b, co_window_2corner,
          co_window_broadway_a, co_window_unsneaky_path_d,
          co_window_of_opportunity_b, co_window_paths_c,
          co_window_of_opportunity_b, glass_columns_c, glass_columns_a,
          glass_columns_a, hangedman_ranch
D:11:     layout_rooms
D:12:     layout_roguey, special_room [special_room_bee], kennysheep_nondescript
D:13:     layout_roguey, david_vaults_2
Temple:   compressed_dpeg_triangle_lava_temple
Lair:1:   layout_regular_city
Lair:2:   layout_cave_shapes, serial_rivers, chequers_serial_rivers_room_b,
          chequers_serial_rivers_marsh, chequers_serial_rivers_micro_b,
          chequers_serial_rivers_micro_b
Lair:3:   layout_misc_corridors, minmay_shoals_entry_centaurs, uniq_snorg
Lair:4:   layout_regular_city, nicolae_spider_entry_tight_spaces,
          minmay_lair_oklob_items, minmay_holes, wad_woods_road_02,
          serial_bayou_shore_b
Lair:5:   layout_misc_corridors, serial_bayou_pond_e, serial_bayou_shore_b
Lair:6:   hellmonk_lair_end_abyssal_woods, layout_regular_city,
          minmay_slime_entry_jelly_boxes
Shoals:1: layout_shoals, ebering_ghost_davey_jones,
          nicolae_shoals_abyss_on_the_beach
Shoals:2: layout_shoals, serial_shops, shop, uniq_ilsuiw, uniq_polyphemus,
          uniq_frances
Shoals:3: nzn_motion_control, layout_shoals, portal_ice_cave_entry_ice_simulacra
Spider:1: lemuel_spider_zombies
Spider:2: layout_spider_delve, nicolae_spider_bug_shape
Orc:1:    layout_caves, serial_shops, shop
Orc:2:    grunt_orc_tribal_feast, layout_caves, serial_shops, shop_statue,
          basic_altar, uniq_rupert
IceCv:    ice_cave_statue_garden_chambered

Skill      XL: |  1  2  3  4  5  6  7  8  9 10 11 12 13 14 15 16 |
---------------+-------------------------------------------------+-----
Ice Magic      | 5 6 7 10 11 13 15 16 | 16.0
Evocations     | 1 2 3 4 5 |  5.1
Staves         | 1 2 3 4 5 6 |  6.8
Conjurations   | 1 2 3 4 8 9 10 | 10.7
Fighting       | 2 3 4 5 6 |  6.0
Dodging        | 2 3 4 5 6 |  6.0
Fire Magic     | 2 3 7 9 10 | 10.0
Spellcasting   | 3 4 6 7 8 11 | 11.0
Translocations | 1 5 6 8 |  8.6
Poison Magic   | 5 6 |  6.0
Transmutations | 3 5 |  5.6
Stealth        | |  1.7

Action                   |  1- 3 |  4- 6 |  7- 9 | 10-12 | 13-15 | 16-18 || total
-------------------------+-------+-------+-------+-------+-------+-------++-------
Melee: Club              |    15 |       |       |       |       |       ||    15
       Staff             |    13 |   124 |   163 |   108 |   390 |       ||   798
       Short sword       |     2 |       |       |       |       |       ||     2
       Tailslap          |     1 |    22 |    24 |    16 |    88 |       ||   151
       Punch             |       |     2 |     3 |     1 |     4 |       ||    10
       Lajatang          |       |       |       |     8 |   107 |       ||   115
 Cast: Freeze            |    70 |    14 |     7 |    24 |    12 |       ||   127
       Frozen Ramparts   |       |     4 |    21 |    48 |   114 |       ||   187
       Foxfire           |       |       |    35 |   118 |   213 |       ||   366
       Flame Wave        |       |       |       |     9 |    26 |     3 ||    38
       Hailstorm         |       |       |       |     8 |    50 |       ||    58
       Passage of Golubr |       |       |       |     1 |     1 |       ||     2
       Apportation       |       |       |       |       |     7 |       ||     7
       Ignite Poison     |       |       |       |       |    86 |       ||    86
       Olgreb's Toxic Ra |       |       |       |       |    91 |       ||    91
       Blink             |       |       |       |       |     3 |       ||     3
       Ozocubu's Refrige |       |       |       |       |    47 |       ||    47
Evoke: Wand              |       |       |       |       |     4 |       ||     4
  Use: Potion            |       |     4 |     1 |     1 |     4 |       ||    10
       Scroll            |       |       |    16 |     5 |    10 |       ||    31
 Stab: Sleeping          |       |     1 |       |       |     1 |       ||     2
       Petrified         |       |       |       |       |     5 |       ||     5
Armor: Skin              |    30 |   123 |    70 |   106 |   332 |     3 ||   664
Dodge: Dodged            |    83 |   163 |    86 |   158 |   515 |     5 ||  1010
